 Dungeon Crawl Stone Soup version 0.23.2-33-g5129a83184 (webtiles) character file.

Game seed: 6937042476732811697

69690 Folque the Thaumaturge (level 14, -5/99 HPs)
             Began as a Yellow Draconian Earth Elementalist on June 30, 2019.
             Was a High Priest of Sif Muna.
             Slain by an alligator (6 damage)
             ... on level 1 of the Swamp on July 1, 2019.
             The game lasted 01:57:21 (25043 turns).

Folque the Thaumaturge (DrEE)                      Turns: 25043, Time: 01:57:22

Health: -5/99      AC: 14    Str: 14    XL:     14   Next: 91%
Magic:  21/31      EV: 15    Int: 25    God:    Sif Muna [*****.]
Gold:   1669       SH:  0    Dex: 11    Spells: 8/40 levels left

rFire    . . .     SeeInvis .   O - staff of earth
rCold    . . .     Gourm    .   (no shield)
rNeg     . . .     Faith    .   (armour unavailable)
rPois    +         Spirit   .   (helmet restricted)
rElec    .         Reflect  .   A - +2 cloak
rCorr    +         Harm     .   P - +2 pair of gloves {Str+3}
MR       +....                  (no boots)
Stlth    +++.......             S - amulet of the acrobat
HPRegen  0.26/turn              E - +4 ring of intelligence
MPRegen  0.22/turn              B - ring of poison resistance

@: divine energy
A: spit acid, unfitting armour, acidic bite, cold-blooded, acid resistance, AC
+8
a: Breathe Acid, Stop Divine Energy, Channel Magic, Forget Spell, Renounce
Religion


You were on level 1 of the Swamp.
You worshipped Sif Muna.
Sif Muna was extremely pleased with you.
You were not hungry.

You visited 4 branches of the dungeon, and saw 23 of its levels.
You also visited: Sewer.

You collected 1669 gold pieces.

Inventory:

Hand Weapons
 g - a +0 dagger
 h - a +3 dagger of venom
 x - a +0 blowgun
Missiles
 b - 136 stones (quivered)
 m - 143 poisoned needles
 M - a throwing net
Armour
 A - a +2 cloak (worn)
 P - a +2 pair of gloves of strength (worn)
Magical Staves
 r - an uncursed staff of power
 O - an uncursed staff of earth (weapon)
Jewellery
 B - a ring of poison resistance (right hand)
 C - an uncursed ring of positive energy
 D - an uncursed ring of protection from cold
 E - a +4 ring of intelligence (left hand)
 L - an uncursed ring of fire
 Q - an uncursed ring of stealth
 S - an amulet of the acrobat (around neck)
 V - an uncursed ring of protection from cold
 W - a cursed amulet of inaccuracy {unknown}
 Z - a +2 ring of strength
Wands
 t - a wand of random effects (15)
 J - a wand of paralysis (18)
 N - a wand of enslavement (11)
 R - a wand of acid (9)
 T - a wand of flame (29)
 U - a wand of digging (4)
Scrolls
 f - 7 scrolls of teleportation
 i - 4 scrolls of magic mapping
 j - 2 scrolls of fog
 l - 3 scrolls of enchant armour
 o - 7 scrolls of identify
 u - 6 scrolls of fear
 y - 6 scrolls of remove curse
 H - a scroll of amnesia
 I - 2 scrolls of vulnerability
Potions
 e - 2 potions of haste {unknown}
 k - a potion of ambrosia {unknown}
 n - 4 potions of lignification
 p - 2 potions of brilliance {unknown}
 s - 3 potions of might
 v - a potion of magic {unknown}
 z - 5 potions of agility
 F - a potion of invisibility {unknown}
 G - a potion of resistance {unknown}
 K - 2 potions of berserk rage
 X - 3 potions of flight
 Y - a potion of degeneration {unknown}
Miscellaneous
 a - a fan of gales
Comestibles
 c - 38 rations
 d - a chunk of flesh


   Skills:
 - Level 2.1 Fighting
 - Level 4.0 Short Blades
 - Level 2.1 Staves
 - Level 7.1 Dodging
 - Level 5.1 Stealth
 * Level 13.5 Spellcasting
 * Level 7.9 Conjurations
 - Level 6.4 Hexes
 - Level 4.0 Transmutations
 - Level 4.4 Fire Magic
 + Level 13.4 Earth Magic
 - Level 7.0 Invocations
 - Level 5.2 Evocations


You had 8 spell levels left.
You knew the following spells:

 Your Spells              Type           Power        Failure   Level  Hunger
a - Sandblast             Erth           ######       0%          1    None
b - Passwall              Tmut/Erth      ######..     1%          2    None
c - Stone Arrow           Conj/Erth      ######       1%          3    None
d - Lee's Rapid Deconstr  Erth           #######...   1%          5    ###....
e - Petrify               Tmut/Erth      ######..     1%          4    None
f - Conjure Flame         Conj/Fire      #####...     1%          3    None
g - Inner Flame           Hex/Fire       #####...     1%          3    None
h - Bolt of Magma         Conj/Fire/Erth ######....   2%          5    ###....
i - Iron Shot             Conj/Erth      #######...   6%          6    #####..

Your spell library contained the following spells:

 Spells                   Type           Power        Failure   Level  Hunger
 Beastly Appendage        Tmut           #####.       1%          1    None
 Confusing Touch          Hex            #####.       1%          1    None
 Flame Tongue             Conj/Fire      #####        1%          1    None
 Sticks to Snakes         Tmut           #####...     1%          2    None
 Throw Flame              Conj/Fire      #####.       1%          2    None
 Confuse                  Hex            #####...     1%          3    None
 Dazzling Spray           Conj/Hex       ######       1%          3    None
 Static Discharge         Conj/Air       #####...     1%          3    None
 Leda's Liquefaction      Hex/Erth       #######...   1%          4    None
 Sticky Flame             Conj/Fire      #####...     2%          4    None
 Infusion                 Chrm           ###.         3%          1    None
 Summon Small Mammal      Summ           ###.         3%          1    None
 Mephitic Cloud           Conj/Pois/Air  ####....     3%          3    None
 Spider Form              Tmut/Pois      ####......   4%          3    None
 Poisonous Vapours        Pois/Air       ###...       5%          2    None
 Swiftness                Chrm/Air       ###.....     5%          2    None
 Borgnjor's Vile Clutch   Necr/Erth      ######....   6%          5    ###....
 Force Lance              Conj/Tloc      #####...     7%          4    None
 Fireball                 Conj/Fire      #####.....   8%          5    ###....
 Call Canine Familiar     Summ           ###.....     11%         3    None
 Gell's Gravitas          Tloc           ###.......   11%         3    None
 Recall                   Summ/Tloc      N/A          11%         3    None
 Yara's Violent Unravell  Hex/Tmut       #####.....   11%         5    ###....
 Ice Form                 Ice/Tmut       ####....     14%         4    None
 Statue Form              Tmut/Erth      ######...    14%         6    #####..
 Blade Hands              Tmut           #####.....   19%         5    ###....
 Lightning Bolt           Conj/Air       #####.....   19%         5    ###....
 Metabolic Englaciation   Hex/Ice        ####......   26%         5    ###....
 Silence                  Hex/Air        ####......   26%         5    ###....
 Summon Ice Beast         Ice/Summ       ###.....     34%         4    None
 Bolt of Fire             Conj/Fire      #####.....   38%         6    #####..
 Excruciating Wounds      Chrm/Necr      ###.......   67%         5    ###....
 Conjure Ball Lightning   Conj/Air       #####.....   71%         6    #####..
 Freezing Cloud           Conj/Ice/Air   ####......   87%         6    #####..
 Lehudib's Crystal Spear  Conj/Erth      #######...   95%         8    #######
 Deflect Missiles         Chrm/Air       ###.......   99%         6    #####..
 Haunt                    Necr/Summ      ###.......   100%        7    ######.
 Monstrous Menagerie      Summ           ###.......   100%        7    ######.
 Chain Lightning          Conj/Air       #####.....   100%        8    #######
 Summon Horrible Things   Summ           ###.......   100%        8    #######
 Shatter                  Erth           #######...   100%        9    #######


Dungeon Overview and Level Annotations

Branches:
Dungeon (15/15)            Temple (1/1) D:7            Lair (6/6) D:8
  Swamp (1/4) Lair:2       Spider (0/4) Lair:4        Slime (0/5) Lair:5
    Orc (0/2) D:12         Depths (0/5) D:15
 Vaults: D:13-14

Altars:
Ashenzari
Cheibriados
Dithmenos
Elyvilon
Fedhas
Gozag
Hepliaklqana
Kikubaaqudgha
Makhleb
Nemelex Xobeh
Okawaru
Qazlal
Ru
Sif Muna
Trog
Uskayaw
Vehumet
Wu Jian
Xom
Yredelemnul
Zin
The Shining One
Beogh
Jiyva

Shops:
D:8 *   D:9 (   D:12 *(

Annotations:
D:3 2 transporters, dembora's ghost, amateur DsAK
D:14 2 runed translucent doors, konkrete's ghost, journeyman FoAK
Lair:3 exclusion: 4 oklob plants


Innate Abilities, Weirdness & Mutations

You can spit globs of acid.
Your golden yellow scales are hard. (AC +8)
You cannot fit into any form of body armour.
You have acidic saliva.
You are cold-blooded and may be slowed by cold attacks.
You are resistant to acid. (rCorr)


Message History

The alligator is engulfed in a cloud of scalding steam.
The alligator completely misses you. The alligator closely misses you.
Casting: Bolt of Magma (safe; 2% risk of failure)
Confirm with . or Enter, or press ? or * to list all spells.
Aiming: Stone Arrow (safe; 1% risk of failure)
Press: ? - help, Shift-Dir - straight line, f - alligator
Aim: an alligator (severely wounded, covering ground quickly)
You feel a surge of power!
The stone arrow hits the alligator!
The alligator is severely wounded.
The alligator bites you!
* * * LOW HITPOINT WARNING * * *
The alligator closely misses you.
You feel better.
The alligator bites you but does no damage.
The alligator tail-slaps you!
* * * LOW HITPOINT WARNING * * *
The swamp worm bites you.
* * * LOW HITPOINT WARNING * * *
The alligator bites you.
You die...

♣♣.≈.♣≈.....♣♣♣♣ ♣♣♣
♣.≈.♣.≈♣♣≈≈≈≈≈ ≈.≈.≈♣♣♣♣.....
.. .≈ ♣..≈≈♣♣ .. ≈≈....≈
≈≈≈≈≈≈≈≈≈≈≈≈.§♣
≈≈≈§≈≈≈≈≈≈≈≈≈≈≈ ♣♣
≈≈≈≈..≈≈≈≈≈≈.♣♣♣♣≈♣♣♣♣♣♣♣
..≈.....≈≈≈≈.≈≈≈@♣♣≈≈≈≈≈♣♣♣♣
.≈≈≈.≈≈≈≈≈≈≈≈≈≈≈wt≈..≈≈≈≈≈.♣♣
.≈≈...≈≈≈≈≈≈≈≈≈≈≈..♣≈≈≈≈≈≈.≈♣
....♣.≈≈≈≈≈≈≈....§♣≈.≈≈≈...♣
≈♣♣♣♣≈≈.......≈♣♣♣...≈≈..≈≈♣
..≈.≈..≈♣♣≈≈≈≈≈♣ ♣..≈..♣≈$≈♣
.≈≈≈♣♣♣♣♣♣♣♣♣♣♣♣ ♣.≈≈..♣≈≈≈≈♣
≈.≈♣♣ ♣≈≈≈≈...≈..♣ .♣♣♣
♣.♣♣.....≈.


You could see an alligator and a swamp worm.

Vanquished Creatures
  Kirke (D:12)
  A dire elephant (Lair:6)
  Snorg (Lair:6)
  2 yaktaur captains (D:8)
  2 vault guards (D:14)
  5 hydras
  A catoblepas (Lair:6)
  An ice dragon (Lair:6)
  10 two-headed ogres
  6 alligators (Swamp:1)
  6 death yaks (Lair:6)
  The ghost of redmage the Cleaver, a novice MiFi of Cheibriados (Lair:1)
  An unseen horror (D:15)
  3 swamp dragons (Swamp:1)
  2 lindwurms (Lair:6)
  An orc knight (D:14)
  An orc sorcerer (D:14)
  2 oklob plants
  5 cyclopes
  A salamander (D:15)
  4 manticores
  3 ugly things
  2 centaur zombies (D:12)
  2 black mambas
  3 elephants
  A torpor snail (Lair:6)
  8 spiny frogs
  A gargoyle (D:10)
  2 rime drakes (Lair:6)
  A demonic crawler (Lair:4)
  3 komodo dragons
  A tyrant leech (Swamp:1)
  3 trolls
  2 polar bears
  A wind drake (shapeshifter) (D:13)
  A troll (shapeshifter) (D:8)
  5 hornets
  2 slime creatures (D:15)
  8 dream sheep
  15 blink frogs
  15 hippogriffs
  Sigmund (D:3)
  26 yaks
  A spriggan (Swamp:1)
  3 wraiths
  A wyvern (D:8)
  A shadow (D:14)
  2 hogs (D:12)
  2 hungry ghosts
  5 basilisks
  A steam dragon (D:12)
  2 vampire mosquitoes (D:12)
  3 swamp worms (Swamp:1)
  5 insubstantial wisps (Swamp:1)
  6 water moccasins
  A black bear (D:9)
  8 porcupines
  A sky beast (D:13)
  2 swamp drakes (Swamp:1)
  An ice beast (D:10)
  An eye of draining (D:11)
  9 orc warriors
  17 wolves
  8 centaurs
  9 ogres
  9 crocodiles
  4 big kobolds
  23 bullfrogs
  4 scorpions
  9 killer bees
  4 wights (D:12)
  An electric eel (Lair:5)
  3 vampire bats
  2 howler monkeys (D:12)
  2 crimson imps
  3 bullfrog zombies
  6 hounds
  6 orc priests
  4 centaur skeletons
  4 bullfrog skeletons
  3 jellies
  14 orc wizards
  A gnoll shaman (D:8)
  6 iguanas
  Terence (D:2)
  16 worker ants
  2 hound skeletons (D:8)
  5 gnolls
  15 adders
  4 river rats
  4 shadow imps
  3 white imps (Lair:6)
  4 oozes
  2 adder skeletons
  An adder zombie (D:5)
  8 worms
  A dart slug (D:2)
  4 leopard geckos
  71 orcs
  4 ball pythons
  A bat skeleton (D:6)
  4 bat zombies (D:6)
  12 giant cockroaches
  9 goblins
  6 hobgoblins
  7 jackals
  22 kobolds
  6 quokkas
  10 bats
  5 frilled lizards
  A goblin skeleton (D:7)
  A hobgoblin zombie (D:7)
  A kobold skeleton (D:7)
  A kobold zombie (D:7)
  An orc skeleton (D:7)
  An orc zombie (D:7)
  A quokka skeleton (D:5)
  15 rats
  2 bushes
  6 fungi
  A plant (Lair:6)
618 creatures vanquished.

Vanquished Creatures (others)
  A spiny frog (Swamp:1)
  A human (D:12)
  A gnoll (D:5)
  A leopard gecko skeleton (D:5)
  6 fungi
  8 plants (Lair:6)
18 creatures vanquished.

Grand Total: 636 creatures vanquished

Notes
Turn   | Place    | Note
-------+----------+-------------------------------------------
     0 | D:1      | Folque the Draconian Earth Elementalist began the quest for
                  | the Orb.
     0 | D:1      | Reached XP level 1. HP: 14/14 MP: 3/3
    94 | D:1      | Reached skill level 1 in Fighting
   113 | D:1      | Reached XP level 2. HP: 23/23 MP: 1/5
   455 | D:2      | Reached XP level 3. HP: 23/29 MP: 6/6
   465 | D:2      | Learned a level 2 spell: Passwall
   469 | D:2      | Learned a level 3 spell: Stone Arrow
   543 | D:2      | Found a burning altar of Makhleb.
   628 | D:2      | Reached XP level 4. HP: 35/36 MP: 8/8
   661 | D:2      | Found a basalt altar of Yredelemnul.
   674 | D:2      | Noticed Terence
   691 | D:2      | Killed Terence
   691 | D:2      | Reached skill level 1 in Conjurations
   908 | D:2      | Found a glowing silver altar of Zin.
  1171 | D:2      | Found an opulent altar of Gozag.
  1536 | D:3      | Noticed Sigmund
  1540 | D:3      | Killed Sigmund
  1540 | D:3      | Reached XP level 5. HP: 41/41 MP: 2/11
  1540 | D:3      | Reached XP level 6. HP: 48/48 MP: 2/12
  1698 | D:3      | Found a glowing drain.
  1734 | Sewer    | Entered a sewer
  2065 | Sewer    | Reached skill level 5 in Earth Magic
  2183 | Sewer    | Your scales start taking on a golden yellow colour.
  2183 | Sewer    | Reached XP level 7. HP: 55/55 MP: 5/14
  2183 | Sewer    | Gained mutation: You are resistant to acid. (rCorr) [Yellow
                  | Draconian growth]
  2480 | Sewer    | Learned a level 5 spell: Lee's Rapid Deconstruction
  2485 | Sewer    | Learned a level 4 spell: Petrify
  2607 | D:3      | Found a transporter.
  2608 | D:3      | Noticed dembora's ghost (amateur DsAK)
  2635 | D:3      | Found a transporter.
  2828 | D:4      | Reached skill level 5 in Spellcasting
  2984 | D:4      | Found an iron altar of Okawaru.
  3128 | D:4      | Found a blossoming altar of Fedhas.
  3130 | D:4      | Found a shattered altar of Ashenzari.
  3280 | D:4      | Found a sacrificial altar of Ru.
  3631 | D:5      | Entered Level 5 of the Dungeon
  3681 | D:5      | Reached XP level 8. HP: 48/61 MP: 1/15
  4352 | D:5      | Found a shadowy altar of Dithmenos.
  4359 | D:5      | Found a glowing silver altar of Zin.
  4899 | D:6      | Found an ancient bone altar of Kikubaaqudgha.
  5096 | D:7      | Found a staircase to the Ecumenical Temple.
  5119 | Temple   | Entered the Ecumenical Temple
  5170 | Temple   | Became a worshipper of Sif Muna the Loreminder
  5270 | D:7      | Found a glowing golden altar of the Shining One.
  5628 | D:8      | Reached XP level 9. HP: 67/67 MP: 12/16
  5633 | D:8      | Found a stormy altar of Qazlal.
  5691 | D:8      | Found a shimmering altar of Xom.
  5725 | D:8      | Noticed an elephant
  5821 | D:8      | Reached skill level 5 in Stealth
  6038 | D:8      | Reached * piety under Sif Muna
  6056 | D:8      | Noticed a troll
  6059 | D:8      | Killed a troll
  6069 | D:8      | Found a large runed translucent door.
  6072 | D:8      | Found a large runed translucent door.
  6072 | D:8      | Noticed a yaktaur captain
  6074 | D:8      | Noticed a yaktaur captain
  6375 | D:8      | Reached skill level 1 in Short Blades
  6382 | D:8      | Found Puddemuk's Elemental Accessories.
  6486 | D:8      | Killed an elephant
  6588 | D:8      | Reached XP level 10. HP: 73/73 MP: 9/18
  6637 | D:8      | Found a staircase to the Lair.
  6994 | D:9      | Reached ** piety under Sif Muna
  7154 | D:9      | Reached skill level 5 in Dodging
  7539 | D:9      | Noticed a two-headed ogre
  7546 | D:9      | Killed a two-headed ogre
  7554 | D:9      | Noticed a two-headed ogre
  7554 | D:9      | Noticed a cyclops
  7579 | D:9      | Killed a two-headed ogre
  7718 | D:9      | Noticed a cyclops
  7729 | D:9      | Killed a cyclops
  7735 | D:9      | Learned a level 3 spell: Conjure Flame
  7775 | D:9      | Killed a cyclops
  7775 | D:9      | Reached skill level 1 in Fire Magic
  7779 | D:9      | Found Ystuaden's Antique Weapon Shop.
  7844 | D:9      | Noticed a two-headed ogre
  7849 | D:9      | Killed a two-headed ogre
  7849 | D:9      | Reached *** piety under Sif Muna
  7849 | D:9      | Reached XP level 11. HP: 79/79 MP: 4/23
  8190 | D:10     | Entered Level 10 of the Dungeon
  9474 | D:11     | Learned a level 3 spell: Inner Flame
  9500 | D:11     | Noticed a two-headed ogre
  9514 | D:11     | Killed a two-headed ogre
  9514 | D:11     | Reached skill level 1 in Evocations
  9782 | D:11     | Noticed a white ugly thing
  9782 | D:11     | Noticed a two-headed ogre
  9885 | D:11     | Killed a white ugly thing
  9996 | D:11     | Noticed a two-headed ogre
 10137 | D:11     | Killed a two-headed ogre
 10422 | D:11     | Reached skill level 5 in Invocations
 10424 | D:11     | Noticed a two-headed ogre
 10773 | D:11     | Killed a two-headed ogre
 10941 | D:11     | Killed a two-headed ogre
 10941 | D:11     | Reached XP level 12. HP: 85/85 MP: 21/25
 11035 | D:12     | Noticed Kirke
 11041 | D:12     | Killed Kirke
 11041 | D:12     | Reached **** piety under Sif Muna
 11230 | D:12     | Found Xoor's Antique Weapon Shop.
 11308 | D:12     | Reached skill level 1 in Staves
 11372 | D:12     | Found a staircase to the Orcish Mines.
 11373 | D:12     | Reached skill level 5 in Evocations
 11656 | D:12     | Found a roughly hewn altar of Beogh.
 11672 | D:12     | Learned a level 5 spell: Bolt of Magma
 12052 | D:12     | Reached skill level 10 in Spellcasting
 12142 | D:12     | Found Joheb's General Store.
 12142 | D:12     | Noticed a seven-headed hydra
 12155 | D:12     | Killed a seven-headed hydra
 12155 | D:12     | Reached skill level 1 in Hexes
 12323 | D:12     | Reached skill level 10 in Earth Magic
 13085 | Lair:1   | Entered Level 1 of the Lair of Beasts
 13165 | Lair:1   | Found a runed translucent door.
 13170 | Lair:1   | Noticed redmage's ghost (novice MiFi)
 14023 | Lair:2   | Found a staircase to the Swamp.
 14363 | Lair:2   | Reached ***** piety under Sif Muna
 14888 | Lair:3   | Identified Lawna's Collected Works on Supportive Lightness
                  | (Sif Muna gifted it to you on level 3 of the Lair of
                  | Beasts)
 14888 | Lair:3   | Received a gift from Sif Muna
 16020 | Lair:4   | Reached XP level 13. HP: 91/91 MP: 9/27
 16723 | Lair:4   | Found a hole to the Spider Nest.
 17383 | Lair:5   | Found a staircase to the Slime Pits.
 17383 | Lair:5   | Found a viscous altar of Jiyva.
 17599 | Lair:5   | Learned a level 6 spell: Iron Shot
 18392 | Lair:6   | Entered Level 6 of the Lair of Beasts
 18486 | Lair:6   | Reached skill level 5 in Hexes
 18914 | Lair:6   | Noticed Snorg
 18929 | Lair:6   | Killed Snorg
 18941 | Lair:6   | Identified Sif Muna's Disquisition on Dusty Summoning (Sif
                  | Muna gifted it to you on level 6 of the Lair of Beasts)
 18941 | Lair:6   | Received a gift from Sif Muna
 20318 | Lair:6   | Noticed a dire elephant
 20407 | Lair:6   | Killed a dire elephant
 20407 | Lair:6   | Gained mutation: You have acidic saliva. [Yellow Draconian
                  | growth]
 20407 | Lair:6   | Reached XP level 14. HP: 48/99 MP: 0/30
 21403 | D:8      | Reached skill level 5 in Conjurations
 21417 | D:8      | Found a bloodstained altar of Trog.
 21420 | D:8      | Found a hide-covered altar of Uskayaw.
 21860 | D:13     | Identified Sif Muna's Tome of Aerial Protection (Sif Muna
                  | gifted it to you on level 13 of the Dungeon)
 21860 | D:13     | Received a gift from Sif Muna
 22400 | D:14     | You fall through a shaft!
 22400 | D:15     | Entered Level 15 of the Dungeon
 22652 | D:15     | Found a staircase to the Depths.
 23608 | D:14     | Found a large runed translucent door.
 23608 | D:14     | Found a large runed translucent door.
 23612 | D:14     | Noticed konkrete's ghost (journeyman FoAK)
 23873 | Lair:1   | Killed redmage's ghost
 24004 | Swamp:1  | Entered Level 1 of the Swamp
 24800 | Swamp:1  | Identified Sif Muna's Reference Book on Combat Magic and
                  | Companions (Sif Muna gifted it to you on level 1 of the
                  | Swamp)
 24800 | Swamp:1  | Received a gift from Sif Muna
 25042 | Swamp:1  | HP: 3/99 [alligator (14)]
 25043 | Swamp:1  | HP: 1/99 [swamp worm (4)]
 25043 | Swamp:1  | Slain by an alligator

Skill      XL: |  1  2  3  4  5  6  7  8  9 10 11 12 13 14 |
---------------+-------------------------------------------+-----
Fighting       | 1 2 |  2.1
Spellcasting   | 4 5 8 9 10 12 13 | 13.5
Conjurations   | 2 4 7 |  7.9
Earth Magic    | 4 5 6 8 9 11 12 13 | 13.4
Stealth        | 2 4 5 |  5.1
Transmutations | 2 4 |  4.0
Dodging        | 2 4 6 7 |  7.1
Short Blades   | 2 4 |  4.0
Fire Magic     | 2 4 |  4.4
Invocations    | 6 7 |  7.0
Evocations     | 3 5 |  5.2
Staves         | 2 |  2.1
Hexes          | 3 6 |  6.4

Action                   |  1- 3 |  4- 6 |  7- 9 | 10-12 | 13-15 || total
-------------------------+-------+-------+-------+-------+-------++-------
Melee: Unarmed           |    24 |       |       |       |       ||    24
       Dagger            |    53 |    34 |   235 |   156 |   114 ||   592
       Tailslap          |     3 |    10 |    17 |    24 |    50 ||   104
       Flail             |       |   110 |       |       |       ||   110
       Staff             |       |       |       |   102 |   142 ||   244
       Bite              |       |       |       |       |    15 ||    15
 Cast: Sandblast         |     8 |    10 |    61 |    83 |    65 ||   227
       Stone Arrow       |     2 |    12 |    90 |   142 |   103 ||   349
       Lee's Rapid Decon |       |       |     5 |    42 |    65 ||   112
       Petrify           |       |       |     3 |    38 |    45 ||    86
       Passwall          |       |       |     1 |     5 |     5 ||    11
       Conjure Flame     |       |       |       |     2 |     6 ||     8
       Inner Flame       |       |       |       |    16 |    18 ||    34
       Iron Shot         |       |       |       |       |    46 ||    46
       Bolt of Magma     |       |       |       |       |     9 ||     9
Invok: Divine Energy     |       |       |     1 |       |       ||     1
       Channel Magic     |       |       |       |       |     2 ||     2
 Abil: Breathe Acid      |       |       |     2 |       |     2 ||     4
Evoke: Wand              |       |       |       |     1 |     1 ||     2
  Use: Scroll            |       |       |       |    20 |     7 ||    27
       Potion            |       |       |       |       |     9 ||     9
 Stab: Sleeping          |     4 |     4 |     6 |     3 |       ||    17
       Distracted        |       |       |     1 |       |       ||     1
       Petrified         |       |       |     3 |    63 |    62 ||   128
       Petrifying        |       |       |       |       |     1 ||     1
  Eat: Chunk             |       |     6 |    22 |    36 |    38 ||   102
       Ration            |       |       |       |     2 |     4 ||     6
Armor: Skin              |    21 |    46 |   114 |   107 |    88 ||   376
Dodge: Dodged            |    54 |    91 |   176 |   269 |   274 ||   864
